 Dungeon Crawl Stone Soup version 0.31-a0-188-g5e087ee2ca (webtiles) character file.

Game seed: 6034660383678839772

567 qw the Skirmisher (level 7, -5/40 HPs)
             Began as a Deep Elf Hunter on June 23, 2023.
             Was an Initiate of Okawaru.
             Slain by Prince Ribbit (7 damage)
             ... on level 5 of the Dungeon.
             The game lasted 00:01:18 (2877 turns).

qw the Skirmisher (Deep Elf Hunter)                 Turns: 2877, Time: 00:01:19

Health: -5/40      AC:  5    Str: 10    XL:     7   Next: 11%
Magic:  9/9        EV: 14    Int: 14    God:    Okawaru [......]
Gold:   186        SH:  0    Dex: 18    Spells: 6/6 levels left

rFire   + . .        Y - +1 shortbow
rCold   + + .        (shield currently unavailable)
rNeg    . . .        j - +1 robe {rC+ rF+}
rPois   .            (no helmet)
rElec   .            i - +0 cloak
rCorr   .            (no gloves)
SInv    .            k - +0 pair of boots
Will    .....        (no amulet)
Stlth   ++           l - ring of protection from cold
HPRegen 0.26/turn    (no ring)
MPRegen 0.11/turn

%: no passive effects
@: no status effects
A: no striking features
a: Renounce Religion


You were on level 5 of the Dungeon.
You worshipped Okawaru.
Okawaru was noncommittal.
You visited 2 branches of the dungeon, and saw 6 of its levels.

You collected 250 gold pieces.
You spent 64 gold pieces at shops.


   Skills:
 - Level 2.4 Fighting
 + Level 10.2 Ranged Weapons
 - Level 0.2 Armour
 - Level 4.0 Dodging
 - Level 1.2 Stealth


You had 6 spell levels left.
You didn't know any spells.
Your spell library was empty.

Inventory:

Hand Weapons
 Y - a +1 shortbow (weapon)
Armour
 g - a +0 scale mail
 i - a +0 cloak (worn)
 j - a +1 robe of resistance (worn)
 k - a +0 pair of boots (worn)
Jewellery
 l - a ring of protection from cold (left hand)
Scrolls
 b - 2 scrolls of identify
Potions
 a - a potion of might {unknown}
 c - a potion of curing
 f - 2 potions of haste

Dungeon Overview and Level Annotations

Branches:
Dungeon (5/15)             Temple (1/1) D:4

Altars:
Ashenzari
Elyvilon
Fedhas
Gozag
Hepliaklqana
Makhleb
Nemelex Xobeh
Okawaru
Qazlal
Sif Muna
Trog
Uskayaw
Vehumet
Wu Jian
Xom
Yredelemnul
Zin

Shops:
D:1 *

Annotations:
D:5 Prince Ribbit


Message History

You shoot an arrow. The arrow barely misses Prince Ribbit.
Prince Ribbit barely misses you.
You shoot an arrow. The arrow barely misses Prince Ribbit.
Prince Ribbit hits you.
You shoot an arrow. The arrow misses Prince Ribbit.
Prince Ribbit hits you! Prince Ribbit misses you.
You shoot an arrow. The arrow closely misses Prince Ribbit.
Prince Ribbit hits you!
You shoot an arrow. The arrow hits Prince Ribbit.
Prince Ribbit is heavily wounded.
Prince Ribbit closely misses you.
You shoot an arrow. The arrow hits Prince Ribbit!
Prince Ribbit is severely wounded.
Prince Ribbit misses you.
You shoot an arrow. The arrow barely misses Prince Ribbit.
Prince Ribbit blinks!
Prince Ribbit catches a moth with his tongue.
You shoot an arrow.
The arrow completely misses Prince Ribbit.
You start resting.
Prince Ribbit is nearby!
You shoot an arrow.
The arrow hits Prince Ribbit but does no damage.
Prince Ribbit is severely wounded.
Prince Ribbit completely misses you.
You shoot an arrow. The arrow misses Prince Ribbit.
Prince Ribbit closely misses you. Prince Ribbit hits you!
You shoot an arrow. The arrow closely misses Prince Ribbit.
Prince Ribbit closely misses you.
You shoot an arrow. The arrow hits Prince Ribbit.
Prince Ribbit is almost dead.
Prince Ribbit hits you but does no damage.
You shoot an arrow. The arrow closely misses Prince Ribbit.
Prince Ribbit closely misses you.
You shoot an arrow. The arrow closely misses Prince Ribbit.
Prince Ribbit barely misses you.
You shoot an arrow. The arrow hits Prince Ribbit.
Prince Ribbit is almost dead.
Prince Ribbit hits you!
You die...

#.#....##
##.......##
#.........# ##
#.......... ##.##
.........
###....##......
............###
..............## .
....#@.#.....#..
#.....F.##........
...##.#.##........
###.##<.......
##.#.........
#............ ....
##..#........
....# ##.##..#....
....# ##..#
.##....


You could see Prince Ribbit.

Vanquished Creatures
  An ogre (D:4)
  A phantom (D:4)
  A bullfrog (D:4)
  A scorpion (D:4)
  Jessica (D:3)
  3 iguanas
  Natasha (thrice) (D:3)
  2 adders
  2 worms
  4 dart slugs
  3 orcs (D:2)
  5 bats (D:1)
  5 endoplasms
  4 giant cockroaches
  10 goblins
  8 hobgoblins (D:2)
  3 jackals (D:4)
  4 kobolds
  3 quokkas
  10 ball pythons
  3 frilled lizards
  4 rats
81 creatures vanquished.

Notes
Turn   | Place    | Note
-------+----------+-------------------------------------------
     0 | D:1      | qw the Deep Elf Hunter began the quest for the Orb.
     0 | D:1      | Reached XP level 1. HP: 12/12 MP: 3/3
     0 | D:1      | 0 ||| qw: Version: 0.3-a-9-g12657ce
     0 | D:1      | 0 ||| qw: Game counter: 3632
     0 | D:1      | 0 ||| qw: Always use a shield: true
     0 | D:1      | 0 ||| qw: God list: Okawaru
     0 | D:1      | 0 ||| qw: Allow faded altars: false
     0 | D:1      | 0 ||| qw: Do Orc after D:15 true
     0 | D:1      | 0 ||| qw: Do second Lair branch before Depths: true
     0 | D:1      | 0 ||| qw: Lair rune preference: random
     0 | D:1      | 0 ||| qw: Plans: Normal
     0 | D:1      | 0 ||| PLANNING D:1-11
   124 | D:1      | Reached XP level 2. HP: 16/16 MP: 4/4
   136 | D:1      | Reached skill level 6 in Ranged Weapons
   233 | D:1      | Found Walosyiwk's Assorted Antiques.
   262 | D:1      | 262 ||| BUYING 2 grey potions (43 gold).
   262 | D:1      | Bought 2 grey potions for 43 gold pieces
   262 | D:1      | 262 ||| SHOPLISTING encrusted leather armour (168 gold,
                  | have 21).
   262 | D:1      | 262 ||| BUYING fizzy green potion (21 gold).
   262 | D:1      | Bought a fizzy green potion for 21 gold pieces
   462 | D:1      | HP: 4/16 [goblin/+0 club (3)]
   784 | D:1      | 784 ||| UPGRADING to +0 cloak.
   789 | D:1      | 789 ||| UPGRADING to ring of protection from cold.
   790 | D:1      | 790 ||| READING scroll labelled VOMYWA YD EBU.
   791 | D:1      | 791 ||| READING scroll labelled GETUIM ABIO.
   794 | D:1      | 794 ||| READING scroll labelled ZIKHLU ETIKUWN.
   795 | D:1      | 795 ||| DRINKING 2 orange potions.
   796 | D:1      | 796 ||| DRINKING 2 grey potions.
   797 | D:1      | 797 ||| DRINKING 2 fizzy green potions.
   828 | D:1      | 828 ||| DROPPING scroll of butterflies.
   829 | D:1      | 829 ||| DROPPING potion of lignification.
   865 | D:2      | Reached XP level 3. HP: 20/20 MP: 5/5
   980 | D:2      | Identified the +1 falchion of Eteekkaim {holy, rElec}
   991 | D:2      | Reached skill level 7 in Ranged Weapons
  1239 | D:2      | HP: 5/20 [goblin/+0 dagger (2)]
  1240 | D:2      | 1240 ||| DRINKING potion of heal wounds.
  1247 | D:2      | Reached XP level 4. HP: 23/25 MP: 6/6
  1378 | D:2      | 1378 ||| UPGRADING to +0 scale mail.
  1388 | D:2      | 1388 ||| DROPPING +0 leather armour.
  1389 | D:2      | 1389 ||| READING scroll labelled SUESAI UWKOAFF.
  1390 | D:2      | 1390 ||| READING scroll labelled DIYFOG MAODAMUSE.
  1396 | D:3      | Noticed Natasha
  1401 | D:3      | Killed Natasha
  1501 | D:3      | Noticed Natasha
  1510 | D:3      | Killed Natasha
  1511 | D:3      | Reached skill level 8 in Ranged Weapons
  1523 | D:3      | Noticed Natasha
  1533 | D:3      | Killed Natasha
  1534 | D:3      | Reached XP level 5. HP: 18/29 MP: 7/7
  1714 | D:3      | Noticed Jessica
  1719 | D:3      | Killed Jessica
  1769 | D:3      | Reached skill level 9 in Ranged Weapons
  1964 | D:3      | 1964 ||| UPGRADING to +1 robe of resistance.
  1974 | D:3      | 1974 ||| UPGRADING to +0 pair of boots.
  1979 | D:3      | 1979 ||| READING scroll labelled CEETISAFEE.
  1980 | D:3      | 1980 ||| READING scroll labelled PEKLELEYCK.
  1981 | D:3      | 1981 ||| READING scroll labelled AGEOMATOGI.
  1982 | D:3      | 1982 ||| DRINKING 2 sedimented purple potions.
  1992 | D:3      | 1992 ||| READING 3 scrolls of identify.
  1992 | D:3      | 1992 ||| IDENTIFYING golden potion
  1993 | D:3      | 1993 ||| READING 2 scrolls of identify.
  1993 | D:3      | 1993 ||| IDENTIFYING cyan potion
  1994 | D:3      | 1994 ||| DROPPING potion of ambrosia.
  1995 | D:3      | 1995 ||| DROPPING potion of magic.
  2035 | D:4      | Reached skill level 3 in Dodging
  2082 | D:4      | Noticed a phantom
  2094 | D:4      | Killed a phantom
  2095 | D:4      | Reached XP level 6. HP: 33/36 MP: 8/8
  2158 | D:4      | Found a staircase to the Ecumenical Temple.
  2159 | D:4      | 2159 ||| PLANNING TEMPLE
  2159 | D:4      | 2159 ||| READING scroll labelled SIYF TAUTE.
  2168 | Temple   | Entered the Ecumenical Temple
  2224 | Temple   | 2224 ||| PLANNING OKAWARU WORSHIP
  2356 | Temple   | Became a worshipper of Warmaster Okawaru
  2357 | Temple   | 2357 ||| PLANNING D:1-11
  2684 | D:4      | Reached skill level 10 in Ranged Weapons
  2684 | D:4      | Reached XP level 7. HP: 40/40 MP: 9/9
  2797 | D:5      | Entered Level 5 of the Dungeon
  2853 | D:5      | Noticed Prince Ribbit
  2863 | D:5      | HP: 8/40 [Prince Ribbit (15)]
  2872 | D:5      | HP: 1/40 [Prince Ribbit (9)]
  2877 | D:5      | Slain by Prince Ribbit

Levels and vault maps discovered:
D:1:      lemuel_arrival_funnel, layout_basic, serial_shops,
          nicolae_shop_dealshenge, fountainhead, minmay_quantized
D:2:      cheibrodos_greedy_goblins, layout_rooms, st_stairs_7
D:3:      layout_rooms, uniq_jessica, uniq_natasha
D:4:      layout_loops_ring, minmay_temple_entry_gardened_gates
D:5:      layout_cave_pools, uniq_prince_ribbit1, uniq_blork_the_orc
Temple:   nicolae_temple_bog_church

Skill      XL: |  1  2  3  4  5  6  7 |
---------------+----------------------+-----
Ranged Weapons | 6 7 8 9 10 | 10.2
Dodging        | 3 4 |  4.0
Fighting       | 2 |  2.4
Armour         | |  0.2
Stealth        | |  1.2

Action                     |  1- 3 |  4- 6 |  7- 9 || total
---------------------------+-------+-------+-------++-------
   Fire: Shortbow          |   115 |   140 |    29 ||   284
    Use: Potion            |     4 |     1 |       ||     5
         Scroll            |     3 |     8 |       ||    11
 Armour: Leather armour    |    12 |     2 |       ||    14
         Scale mail        |       |    21 |       ||    21
         Robe              |       |     2 |     1 ||     3
  Dodge: Dodged            |    35 |    33 |    11 ||    79

Table legend:
 A = Non-vault XP
 B = Vault XP
 C = Vault XP percentage of total XP
 D = Non-vault monster count
 E = Vault monster count
 F = Vault count percentage of total count
                 A         B        C        D         E       F
            +---------+---------+-------+---------+---------+-------
      Total |     712 |      98 |  12.1 |      63 |      18 |  22.2
            +---------+---------+-------+---------+---------+-------
        D:1 |      25 |       6 |  19.4 |      16 |       5 |  23.8
        D:2 |      51 |      22 |  30.1 |      17 |      11 |  39.3
        D:3 |     109 |      70 |  39.1 |      15 |       2 |  11.8
        D:4 |     491 |       0 |   0.0 |      14 |       0 |   0.0
        D:5 |      36 |       0 |   0.0 |       1 |       0 |   0.0
            +---------+---------+-------+---------+---------+-------
